AoeStats
← [CL] Al3jandr0.magn00

Arabia

505674171Analyzed
1v1 RM · 21d ago on Sep 10, 2026· 29m 9s· 2 players
Game mode
Random Map
Map size
Tiny (2 player)
Population
200
Speed
Normal
Resources
Standard
Victory
Conquest
Starting age
Dark Age
Ending age
Imperial Age
RankedLock teamsTeams togetherTeam positionsShared explorationLock speedFull tech treeHidden civsTurbo modeCheats
Victory
Defeat
🇦🇷 Burgundians · Argentina
1917
+17
🇦🇷 Inca · Argentina
1932
-17
RaggedCone8628
3:19 Double-Bit Axe
6:16 Loom
9:24 Feudal Age
10:30 Bow Saw
10:30 Horse Collar
11:13 Heavy Plow
17:03 Wheelbarrow
20:23 Castle Age
18:19 Gold Mining
18:35 Fletching
19:37 Scale Barding Armor
20:14 Gold Shaft Mining
20:36 Cavalier
21:49 Chain Barding Armor
22:00 Husbandry
23:05 Two-Man Saw
25:11 Devotion
26:12 Forging
27:29 Stone Mining
28:10 Town Watch
[CL] Al3jandr0.magn00
6:09 Loom
9:06 Feudal Age
9:29 Horse Collar
9:36 Double-Bit Axe
20:31 Castle Age
19:13 Scale Mail Armor
19:56 Champi Runner
21:09 Fletching
20:48 Crossbowman
22:26 Bodkin Arrow
22:22 Town Watch
22:42 Squires
25:02 Forging
25:04 Pikeman
Connection lost

Rejoining the realm…

Still unreachable

The connection could not be restored.

Session expired

The server has moved on; the page needs a fresh start.